 Dungeon Crawl Stone Soup version 0.24.1 (webtiles) character file.

Game seed: 8314700466927996959, levelgen mode: deterministic

158 Ponchio the Magician (level 5, -3/28 HPs)
             Began as a Deep Elf Earth Elementalist on Mar 28, 2020.
             Slain by Grinder (4 damage)
             ... while paralysed by Grinder
             ... on level 3 of the Dungeon.
             The game lasted 00:11:05 (2777 turns).

Ponchio the Magician (Deep Elf Earth Elementalist)  Turns: 2777, Time: 00:11:05

Health: -3/28      AC:  2    Str:  5    XL:     5   Next: 16%
Magic:  10/14      EV:  2    Int: 21    God:
Gold:   64         SH:  0    Dex: 15    Spells: 4/14 levels left

rFire    . . .     SeeInvis +   b - +1 short sword (freeze)
rCold    . . .     Gourm    .   (no shield)
rNeg     . . .     Faith    .   c - +0 robe
rPois    .         Spirit   .   (helmet restricted)
rElec    .         Reflect  +   (no cloak)
rCorr    +         Harm     .   (no gloves)
MR       .....                  (no boots)
Stlth    ++........             p - +4 amulet of reflection
HPRegen  0.09/turn              f - ring of resist corrosion
MPRegen  0.14/turn              (no ring)

@: paralysed
A: antennae 1, see invisible, mutation resistance 1
a: no special abilities


You were on level 3 of the Dungeon.
You were not hungry.

You visited 1 branch of the dungeon, and saw 3 of its levels.

You collected 64 gold pieces.

Inventory:

Hand Weapons
 b - a +1 short sword of freezing (weapon)
Missiles
 e - 12 stones (quivered)
Armour
 c - a +0 robe (worn)
Jewellery
 f - a ring of resist corrosion (left hand)
 p - a +4 amulet of reflection (around neck)
Scrolls
 k - a scroll of blinking {unknown}
 l - a scroll of remove curse {unknown}
 q - a scroll of fog {unknown}
 r - a scroll of noise {unknown}
Potions
 g - a potion of magic
 h - 2 potions of might
 i - 2 potions of heal wounds
 n - a potion of invisibility
 o - 2 potions of curing
Comestibles
 d - 3 rations


   Skills:
 - Level 2.4 Dodging
 - Level 2.4 Stealth
 + Level 5.4 Spellcasting
 - Level 1.1 Transmutations
 + Level 5.2 Earth Magic


You had 4 spell levels left.
You knew the following spells:

 Your Spells              Type           Power        Failure   Level  Hunger
a - Sandblast             Erth           ####..       1%          1    None
b - Passwall              Tmut/Erth      ###.....     4%          2    None
c - Stone Arrow           Conj/Erth      ###...       11%         3    ##.....
d - Petrify               Tmut/Erth      ###.....     28%         4    ####...

Your spell library contained the following spells:

 Spells                   Type           Power        Failure   Level  Hunger
 Lee's Rapid Deconstruct  Erth           ####......   32%         5    #####..


Dungeon Overview and Level Annotations

Branches:
Dungeon (3/15)

Altars:
Nemelex Xobeh
Ru

Annotations:
D:3 Grinder, Terence


Innate Abilities, Weirdness & Mutations

You have a pair of small antennae on your head.
You have supernaturally acute eyesight. (SInv)
You are somewhat resistant to further mutation.


Message History

Grinder is moderately wounded.
e - 13 stones Grinder gestures at you.
You resist with significant effort.
Casting: Sandblast (safe; 1% risk of failure)
Confirm with . or Enter, or press ? or * to list all spells.
Aiming: Sandblast (safe; 1% risk of failure)
Press: ? - help, Shift-Dir - straight line, f/p - Grinder
Aim: Grinder (moderately wounded)
The blast of sand hits Grinder!
Grinder is severely wounded.
e - 12 stones Grinder gestures at you.
You suddenly lose the ability to move!
Grinder hits you.
Grinder says, "At least Makhleb appreciates what I'm doing."
Grinder hits you!
* * * LOW HITPOINT WARNING * * *
You writhe in agony.
You die...

#############
#...........########
#..............#
#@#####.######.# #....@5#
#.### #.# #...##... #...#
#.# .. ....######.####.#
...............#.#
#..$#......##........#.#.###
#.....#..## #######.........
.....###.# #.##...... ....
.# #.####.###


You could see Grinder and Terence.

Vanquished Creatures
  A worker ant (D:3)
  Robin (D:3)
  3 adders
  A shadow imp (D:2)
  2 worms
  2 dart slugs
  A leopard gecko (D:1)
  An orc (D:3)
  7 bats
  5 giant cockroaches
  11 hobgoblins
  6 jackals
  2 ball pythons
  6 frilled lizards
  9 goblins
  3 kobolds
  14 rats
75 creatures vanquished.

Notes
Turn   | Place    | Note
-------+----------+-------------------------------------------
     0 | D:1      | Ponchio the Deep Elf Earth Elementalist began the quest for
                  | the Orb.
     0 | D:1      | Reached XP level 1. HP: 10/10 MP: 6/6
   233 | D:1      | Reached XP level 2. HP: 14/15 MP: 2/8
   507 | D:1      | Reached XP level 3. HP: 17/19 MP: 5/10
   985 | D:1      | Learned a level 2 spell: Passwall
   989 | D:1      | Learned a level 3 spell: Stone Arrow
  1281 | D:2      | Found a sparkling altar of Nemelex Xobeh.
  1515 | D:2      | Reached XP level 4. HP: 24/24 MP: 8/12
  1521 | D:2      | Learned a level 4 spell: Petrify
  2061 | D:2      | Gained mutation: You have a pair of small antennae on your
                  | head. [potion of mutation]
  2061 | D:2      | Gained mutation: You have supernaturally acute eyesight.
                  | (SInv) [potion of mutation]
  2061 | D:2      | Gained mutation: You are somewhat resistant to further
                  | mutation. [potion of mutation]
  2106 | D:3      | Noticed Robin
  2259 | D:3      | Reached skill level 5 in Spellcasting
  2362 | D:3      | Reached skill level 5 in Earth Magic
  2492 | D:3      | Killed Robin
  2492 | D:3      | Reached XP level 5. HP: 28/28 MP: 11/14
  2546 | D:3      | Noticed Terence
  2621 | D:3      | Found a sacrificial altar of Ru.
  2771 | D:3      | Noticed Grinder
  2775 | D:3      | Paralysed by Grinder for 5 turns
  2777 | D:3      | HP: 1/28 [Grinder (10)]
  2777 | D:3      | Slain by Grinder

Levels and vault maps discovered:
D:1:      wander_arrival_desolate, layout_basic
D:2:      layout_loops_ring, lemuel_doored_altar, skrybe_limestone_x
D:3:      layout_loops_ring, marbit_many_paths, overflow_temple_1_default,
          uniq_terence, uniq_robin, uniq_grinder

Skill      XL: |  1  2  3  4 |
---------------+-------------+-----
Earth Magic    | 4 5 |  5.2
Spellcasting   | 4 5 |  5.4
Dodging        | |  2.4
Stealth        | |  2.4
Transmutations | |  1.1

Action                   |  1- 3 |  4- 6 || total
-------------------------+-------+-------++-------
Melee: Unarmed           |     8 |       ||     8
       Short sword       |     6 |    23 ||    29
 Cast: Sandblast         |    44 |    23 ||    67
       Stone Arrow       |    11 |    14 ||    25
  Use: Scroll            |       |     8 ||     8
       Potion            |       |     1 ||     1
 Stab: Sleeping          |     3 |       ||     3
  Eat: Chunk             |     2 |     5 ||     7
Armor: Robe              |     4 |     5 ||     9
Dodge: Dodged            |    23 |    14 ||    37
Block: Other             |       |     8 ||     8
